 Dungeon Crawl Stone Soup version 0.31-a0-229-g1fc7ce93e2 (webtiles) character file.

Game seed: 18367328206809904899

114 qw the Shooter (level 4, -2/26 HPs)
             Began as a Gargoyle Hexslinger on July 6, 2023.
             Slain by a goblin
             ... wielding a +0 club
             ... led by Robin
              (5 damage)
             ... on level 4 of the Dungeon.
             The game lasted 00:00:53 (2219 turns).

qw the Shooter (Gargoyle Hexslinger)                Turns: 2219, Time: 00:00:53

Health: -2/26      AC:  9    Str: 11    XL:     4   Next: 97%
Magic:  5/5        EV: 10    Int: 14    God:
Gold:   154        SH:  0    Dex: 14    Spells: 4/5 levels left

rFire   . . .        Y - +2 sling
rCold   . . .        (no shield)
rNeg    + . .        f - +0 ring mail
rPois   inf          (no helmet)
rElec   +            (no cloak)
rCorr   .            e - +0 pair of gloves
SInv    .            (no boots)
Will    .....        (no amulet)
Stlth   +            (no ring)
HPRegen 0.24/turn    (no ring)
MPRegen 0.09/turn

%: no passive effects
@: no status effects
A: sickness immunity, AC +3, negative energy resistance 1, electricity
resistance, torment resistance 1, petrification resistance
a: no special abilities


You were on level 4 of the Dungeon.
You visited 1 branch of the dungeon, and saw 4 of its levels.

You collected 154 gold pieces.


Innate Abilities, Weirdness & Mutations

You are immune to sickness and miasma.
Your stone body is resilient. (AC +3)
You are immune to poison.
You resist negative energy. (rN+)
You are resistant to electric shocks. (rElec)
You are resistant to unholy torment.
You are immune to petrification.


   Skills:
 - Level 2.0 Fighting
 + Level 4.3 Ranged Weapons
 - Level 1.4 Armour
 - Level 1.5 Dodging
 - Level 1.0 Spellcasting
 - Level 2.6 Hexes


You had 4 spell levels left.
You knew the following spells:

 Your Spells              Type           Power      Damage    Failure   Level
a - Slow                  Hex            32%        N/A       21%         1

Your spell library contained the following spells:

 Spells                   Type           Power      Damage    Failure   Level
 Inner Flame              Hex/Fire       4%         N/A       71%         3
 Portal Projectile        Hex/Tloc       8%         N/A       71%         3
 Cause Fear               Hex            4%         N/A       90%         4

Inventory:

Hand Weapons
 Y - a +2 sling (weapon)
Armour
 e - a +0 pair of gloves (worn)
 f - a +0 ring mail (worn)
Jewellery
 k - a ring of fire
Potions
 a - a potion of mutation {unknown}
 c - a potion of haste {unknown}
 d - a potion of might
 g - 3 potions of curing
 j - a potion of cancellation {unknown}

Dungeon Overview and Level Annotations

Branches:
Dungeon (4/15)
 Temple: D:4-7

Altars:

Annotations:
D:4 Robin


Message History

Robin throws the goblin at you! The goblin hits you but does no damage.
The goblin closely misses you.
You shoot a sling bullet. The sling bullet hits the goblin!
You kill the goblin!
The goblin barely misses you. The goblin hits you but does no damage.
The goblin hits you with a +0 dagger. Robin throws the goblin at you!
The hobgoblin barely misses you. The goblin hits you with a +0 club.
You shoot a sling bullet. The sling bullet hits the goblin.
You kill the goblin!
The goblin hits you but does no damage. x3; The hobgoblin hits you.
Robin throws the goblin at you! The goblin barely misses you.
You shoot a sling bullet.
The sling bullet barely misses the goblin.
The goblin no longer looks unusually strong. x3
The goblin closely misses you. x3; The goblin hits you but does no damage.
The hobgoblin hits you but does no damage.
The hobgoblin barely misses you.
The goblin hits you but does no damage. x2
The hobgoblin hits you but does no damage.
The goblin hits you but does no damage.
The hobgoblin hits you but does no damage.
The goblin hits you but does no damage.
You shoot a sling bullet. The sling bullet hits the goblin!
You kill the goblin!
The hobgoblin no longer looks unusually strong. x2
The goblin hits you but does no damage.
The hobgoblin hits you but does no damage.
The goblin barely misses you. The hobgoblin hits you.
The goblin hits you but does no damage.
You shoot a sling bullet. The sling bullet barely misses Robin.
The goblin hits you but does no damage. x2; The hobgoblin barely misses you.
The goblin hits you but does no damage. The hobgoblin hits you.
You shoot a sling bullet. The sling bullet hits Robin.
Robin is lightly wounded.
The goblin hits you but does no damage.
Robin roars a battlecry!
The goblins go into a battle-frenzy!
The goblin hits you but does no damage.
The hobgoblin hits you but does no damage.
The goblin hits you with a +0 club.
You die...

### ########### ~~#
......'...# ~~#
......ggg.# ~~####
#@g.#
~~...##########gg.#
~~$..#............#
#~~.).#............#
.~~h.# +##.....##'##
#~~..# #.....#...#
#~~r.# #.....#...#
.~~..# #...).#...#
#~~..##+##.....##)##


You could see Robin, 2 hobgoblins and 3 goblins.

Vanquished Creatures
  Terence (D:2)
  3 adders
  A dart slug (D:2)
  3 ball pythons (D:3)
  4 endoplasms (D:2)
  2 giant cockroaches
  15 goblins
  4 hobgoblins
  A jackal (D:4)
  5 quokkas
  5 bats
  8 frilled lizards
  3 kobolds
  2 rats
57 creatures vanquished.

Notes
Turn   | Place    | Note
-------+----------+-------------------------------------------
     0 | D:1      | qw the Gargoyle Hexslinger began the quest for the Orb.
     0 | D:1      | Reached XP level 1. HP: 12/12 MP: 2/2
     0 | D:1      | 0 ||| qw: Version: 0.3-a-46-gb1f654a
     0 | D:1      | 0 ||| qw: Game counter: 1338
     0 | D:1      | 0 ||| qw: Melee chars always use a shield: true
     0 | D:1      | 0 ||| qw: God list: Okawaru
     0 | D:1      | 0 ||| qw: Allow faded altars: false
     0 | D:1      | 0 ||| qw: Do Orc after clearing Dungeon:15 true
     0 | D:1      | 0 ||| qw: Do second Lair branch before Depths: true
     0 | D:1      | 0 ||| qw: Lair rune preference: random
     0 | D:1      | 0 ||| qw: Goals: Normal
     0 | D:1      | 0 ||| PLANNING D:1-11
   219 | D:1      | Reached XP level 2. HP: 16/16 MP: 3/3
   563 | D:1      | Reached skill level 3 in Ranged Weapons
   698 | D:1      | 698 ||| UPGRADING to +0 pair of gloves.
   703 | D:1      | 703 ||| UPGRADING to +0 ring mail.
   713 | D:1      | 713 ||| DROPPING +0 robe.
   714 | D:1      | 714 ||| DROPPING ring of magical power.
   715 | D:1      | 715 ||| READING scroll labelled NUEFOU MUOTT.
   716 | D:1      | 716 ||| READING scroll labelled GIORPH BORIUDD.
   717 | D:1      | 717 ||| DRINKING 3 grey potions.
   718 | D:1      | 718 ||| DROPPING scroll of poison.
   719 | D:1      | 719 ||| DROPPING 2 potions of attraction.
   774 | D:2      | 774 ||| FLEEEEING.
   817 | D:2      | Identified the staff "Lait" {rElec rPois Stlth+ Poison}
   905 | D:2      | Reached XP level 3. HP: 21/21 MP: 4/4
  1037 | D:2      | Reached skill level 1 in Armour
  1092 | D:2      | Found a faded altar of an unknown god.
  1142 | D:2      | Noticed Terence
  1158 | D:2      | HP: 5/21 [Terence/+1 short sword of venom (4)]
  1163 | D:2      | Killed Terence
  1164 | D:2      | Reached XP level 4. HP: 5/26 MP: 5/5
  1457 | D:2      | 1457 ||| READING scroll labelled WASHRE POPHU.
  1458 | D:2      | 1458 ||| READING scroll labelled AFFOSHR SABELL.
  1459 | D:2      | 1459 ||| READING scroll labelled KUSUSAKKOX.
  1462 | D:2      | 1462 ||| READING scroll labelled JYMNUNOPPE.
  1480 | D:2      | 1480 ||| DRINKING 3 smoky grey potions.
  1540 | D:3      | Reached skill level 4 in Ranged Weapons
  2070 | D:3      | 2070 ||| DRINKING 2 dark potions.
  2205 | D:4      | Noticed Robin
  2215 | D:4      | HP: 4/26 [hobgoblin[Robin] (4)]
  2219 | D:4      | Slain by a goblin

Levels and vault maps discovered:
D:1:      nagdon_arrival_double_spiral, layout_basic
D:2:      layout_loops_ring, dreamdust_ecumenical_altar_grove, uniq_terence
D:3:      layout_loops_ring
D:4:      kennysheep_goblin_castle, layout_loops_corners,
          nzn_hepliaklqana_mist_gate

Skill      XL: |  1  2  3  4 |
---------------+-------------+-----
Ranged Weapons | 3 4 |  4.3
Fighting       | 2 |  2.0
Armour         | 1 |  1.4
Dodging        | |  1.5
Spellcasting   | |  1.0
Hexes          | |  2.6

Action                     |  1- 3 |  4- 6 || total
---------------------------+-------+-------++-------
   Fire: Sling             |   118 |    88 ||   206
    Use: Scroll            |     2 |     4 ||     6
         Potion            |     1 |     2 ||     3
 Armour: Robe              |     2 |       ||     2
         Ring mail         |    19 |    63 ||    82
  Dodge: Dodged            |    30 |    54 ||    84

Table legend:
 A = Non-vault XP
 B = Vault XP
 C = Vault XP percentage of total XP
 D = Non-vault monster count
 E = Vault monster count
 F = Vault count percentage of total count
                 A         B        C        D         E       F
            +---------+---------+-------+---------+---------+-------
      Total |     106 |      57 |  35.0 |      44 |      13 |  22.8
            +---------+---------+-------+---------+---------+-------
        D:1 |      21 |       0 |   0.0 |      13 |       0 |   0.0
        D:2 |      58 |      36 |  38.3 |      20 |       1 |   4.8
        D:3 |      27 |       0 |   0.0 |      11 |       0 |   0.0
        D:4 |       0 |      21 | 100.0 |       0 |      12 | 100.0
            +---------+---------+-------+---------+---------+-------
